Map: Orbital Shipyard

Players

ImotoFantasy - Winner!

  • Race: Protoss Protoss
  • League: Gold

llllllllllII

  • Race: Protoss Protoss
  • League: Diamond

VOD

Have the link to the VOD?

Description

Time

  • Played on: Oct. 26, 2015, 12:37 a.m.
  • Length: 5:47
Show
View Real Time Build Order
Export as new Build Order

ImotoFantasy Protoss - Winner!

Build Orders:  

Get SALT Encoding   

  12  0:00  Probe (Chrono Boost)  
  13  0:11  Probe (Chrono Boost)  
  14  0:17  Pylon  
  14  0:22  Probe (Chrono Boost)  
  15  0:36  Probe (Chrono Boost)  
  16  0:44  Gateway  
  16  0:47  Probe (Chrono Boost), Assimilator  
  17  0:59  Probe (Chrono Boost), Assimilator  
  19  1:11  Probe (Chrono Boost)  
  19  1:17  Pylon  
  19  1:22  Probe (Chrono Boost)  
  20  1:27  Pylon  
  20  1:33  Cybernetics Core  
  20  1:36  Probe (Chrono Boost)  
  21  1:46  Probe (Chrono Boost)  
  22  1:57  Probe (Chrono Boost)  
  23  2:13  Warp Gate (Chrono Boost)  
  23  2:14  Stalker  
  25  2:22  Robotics Facility  
  25  2:23  Gateway  
  25  2:30  Gateway  
  25  2:52  Pylon  
  25  2:59  Stalker  
  27  3:14  Immortal (Chrono Boost)  
  27  3:18  Stalker x2  
  34  3:34  Stalker  
  36  3:49  Immortal (Chrono Boost)  
  40  4:08  Zealot x2  
  44  4:23  Warp Prism (Chrono Boost)  
  46  4:32  Pylon  
  42  4:59  Stalker x3  
  50  5:22  Stalker x2  
  52  5:31  Stalker  
Show
View Real Time Build Order
Export as new Build Order

llllllllllII Protoss 

Build Orders: 1 Gate Expand, Phoenix Opening 

Get SALT Encoding   

  12  0:01  Probe (Chrono Boost)  
  13  0:12  Probe (Chrono Boost)  
  14  0:18  Pylon  
  14  0:23  Probe (Chrono Boost)  
  15  0:37  Probe (Chrono Boost)  
  15  0:39  Gateway  
  16  0:47  Probe (Chrono Boost)  
  17  0:58  Probe (Chrono Boost), Assimilator  
  17  1:01  Assimilator  
  18  1:08  Probe (Chrono Boost)  
  19  1:19  Probe (Chrono Boost)  
  20  1:32  Nexus  
  20  1:36  Probe (Chrono Boost)  
  21  1:43  Cybernetics Core  
  21  1:46  Probe (Chrono Boost)  
  22  1:58  Probe (Chrono Boost)  
  22  1:59  Pylon  
  23  2:22  Mothership Core (Chrono Boost)  
  25  2:23  Warp Gate (Chrono Boost)  
  25  2:30  Pylon  
  25  2:40  Probe (Chrono Boost)  
  26  2:46  Probe (Chrono Boost)  
  28  2:51  Probe (Chrono Boost)  
  28  2:53  Pylon  
  28  2:54  Stargate  
  27  3:00  Probe (Chrono Boost)  
  27  3:02  Probe (Chrono Boost)  
  27  3:05  Gateway  
  29  3:10  Probe (Chrono Boost)  
  29  3:11  Gateway  
  30  3:16  Probe (Chrono Boost)  
  31  3:21  Probe (Chrono Boost)  
  31  3:26  Probe (Chrono Boost)  
  33  3:31  Probe (Chrono Boost)  
  33  3:32  Pylon  
  34  3:37  Probe (Chrono Boost)  
  34  3:39  Pylon  
  35  3:41  Phoenix  
  35  3:46  Probe (Chrono Boost)  
  35  3:47  Probe (Chrono Boost)  
  39  3:55  Probe  
  39  3:58  Probe  
  41  4:02  Pylon  
  41  4:05  Probe  
  41  4:08  Twilight Council  
  42  4:10  Probe  
  42  4:12  Phoenix  
  42  4:16  Probe  
  45  4:22  Probe  
  47  4:27  Stalker x2  
  51  4:37  Void Ray (Chrono Boost)  
  53  4:48  Stalker  
  53  4:49  Probe  
  53  4:50  Probe  
  53  4:51  Zealot x2  
  55  4:59  Probe  
  51  5:02  Probe  
  51  5:03  Pylon  
  51  5:04  Pylon  
  36  5:23  Stalker  
  23  5:28  Probe  
  23  5:29  Probe  
  16  5:44  Stalker  
Tags
 
Add a new tag
Caveats
  • Supply blocks, unpowered buildings, or Contaminate may cause inaccurate times.
  • Supply counts are checked every 10 seconds.